 Dungeon Crawl Stone Soup version 0.31.0-32-g396128a36d (webtiles) character file.

Game seed: 4700117440947067989

247 jimonade the Chiller (level 6, 0/41 HPs)
             Began as a Human Ice Elementalist on Mar 23, 2024.
             Was an Initiate of Vehumet.
             Slain by a phantom (3 damage)
             ... on level 3 of the Dungeon.
             The game lasted 00:15:42 (3841 turns).

jimonade the Chiller (Human Ice Elementalist)       Turns: 3841, Time: 00:15:42

Health: 0/41       AC:  9    Str: 14    XL:     6   Next: 11%
Magic:  3/11       EV: 12    Int: 17    God:    Vehumet [......]
Gold:   197        SH:  0    Dex: 20    Spells: 5/12 levels left

rFire   . . .        a - +1 dagger "Newtslayer" {protect, rElec}
rCold   . . .        (no shield)
rNeg    . . .        f - +0 robe
rPois   .            (no helmet)
rElec   +            (no cloak)
rCorr   .            (no gloves)
SInv    .            (no boots)
Will    .....        p - amulet of faith
Stlth   ++           d - +6 ring of strength
HPRegen 0.26/turn    t - +6 ring of dexterity
MPRegen 0.12/turn

%: faith
@: under a protective aura
A: explore regen
a: Renounce Religion


You were on level 3 of the Dungeon.
You worshipped Vehumet.
Vehumet was noncommittal.
You visited 2 branches of the dungeon, and saw 5 of its levels.

You collected 197 gold pieces.

Inventory:

Hand Weapons
 a - the +1 dagger "Newtslayer" (weapon) {protect, rElec}
   (You found it on level 4 of the Dungeon)

   rElec:     It insulates you from electricity.
 j - a +0 falchion
 q - a +1 vampiric dagger
 v - a +1 dagger of draining
 z - a +0 scimitar
Missiles
 g - 31 stones
 s - 6 curare-tipped darts
 w - 3 boomerangs
Armour
 f - a +0 robe (worn)
 h - a +0 leather armour
 k - a +0 chain mail
 m - a +0 leather armour
Jewellery
 d - a +6 ring of strength (left hand)
 p - an amulet of faith (around neck)
 t - a +6 ring of dexterity (right hand)
Talismans
 y - a serpent talisman
Wands
 A - a wand of mindburst (7)
Scrolls
 c - a scroll of enchant armour {unknown}
 i - a scroll of vulnerability {unknown}
 l - a scroll of enchant weapon {unknown}
 o - a scroll of torment {unknown}
 r - 2 scrolls of identify {unknown}
 x - a scroll of amnesia {unknown}
Potions
 b - a potion of magic
 e - a potion of lignification {unknown}
 n - a potion of might {unknown}
 u - a potion of mutation {unknown}


   Skills:
 - Level 2.0 Dodging
 - Level 2.0 Stealth
 + Level 3.7 Spellcasting
 * Level 6.2 Ice Magic


You had 5 spell levels left.
You knew the following spells:

 Your Spells              Type           Power      Damage    Failure   Level
a - Freeze                Ice            96%        1d10      1%          1
b - Frozen Ramparts       Ice            48%        1d8       3%          3
c - Ozocubu's Armour      Ice            24%        N/A       3%          3

Your spell library contained the following spells:

 Spells                   Type           Power      Damage    Failure   Level
 Summon Ice Beast         Ice/Summ       13%        N/A       14%         3
 Metabolic Englaciation   Hex/Ice        6%         N/A       77%         5
 Leda's Liquefaction      Alch/Erth      1%         N/A       85%         4
 Petrify                  Alch/Erth      3%         N/A       85%         4


Dungeon Overview and Level Annotations

Branches:
Dungeon (4/15) Zot: 20169  Temple (1/1) D:4 Zot: 5979

Altars:
Ashenzari
Gozag
Hepliaklqana
Kikubaaqudgha
Makhleb
Nemelex Xobeh
Qazlal
Sif Muna
Uskayaw
Vehumet
Xom
Yredelemnul
Zin

Annotations:
D:2 Robin


Innate Abilities, Weirdness & Mutations

You regain HP and MP as you explore.


Message History

The phantom attacks as it pursues you! The phantom hits you.
Your magical contamination has completely faded away.
The phantom attacks as it pursues you! The phantom hits you.
The phantom blinks!
You blink.
The phantom attacks as it pursues you! The phantom hits you.
* * * LOW HITPOINT WARNING * * *
The phantom attacks as it pursues you!
The phantom hits you but does no damage.
The phantom attacks as it pursues you! The phantom barely misses you.
The phantom attacks as it pursues you! The phantom hits you.
* * * LOW HITPOINT WARNING * * *
The phantom blinks!
You blink.
The phantom attacks as it pursues you! The phantom hits you!
* * * LOW HITPOINT WARNING * * *
The phantom blinks!
You blink.
There is a stone staircase leading up here.
The phantom closely misses you.
You climb upwards.
There is a stone staircase leading down here.
Okay, then.
Unknown command.
Casting: Frozen Ramparts (dangerous; 3% risk of failure)
Confirm with . or Enter, or press ? or * to list all spells.
Casting: Frozen Ramparts (dangerous; 3% risk of failure)
Press: ? - help, Dir - look around, f - activate A stone staircase leading down.
The walls around you are covered in ice.
The phantom completely resists.
The wall freezes the phantom but does no damage.
The phantom hits you.
* * * LOW HITPOINT WARNING * * *
The phantom blinks!
You blink.
The frozen ramparts melt away as you move.
Casting: Frozen Ramparts (dangerous; 3% risk of failure)
Confirm with . or Enter, or press ? or * to list all spells.
Casting: Frozen Ramparts (dangerous; 3% risk of failure)
Press: ? - help, Dir - look around, f - activate The walls around you are covered in ice.
The phantom resists.
The wall freezes the phantom.
The phantom hits you but does no damage.
Casting: Frozen Ramparts (dangerous; 3% risk of failure)
Confirm with . or Enter, or press ? or * to list all spells.
A film of ice covers your body!
The phantom resists.
The wall freezes the phantom.
The phantom barely misses you.
You completely miss the phantom.
The phantom is lightly damaged.
The phantom resists.
The wall freezes the phantom.
The phantom hits you but does no damage.
You barely miss the phantom.
The phantom is lightly damaged.
The wall freezes the phantom but does no damage.
The phantom hits you but does no damage.
You miss the phantom.
The phantom is lightly damaged.
The phantom completely resists.
The wall freezes the phantom but does no damage.
The phantom completely misses you.
You miss the phantom.
The phantom is lightly damaged.
The phantom resists.
The wall freezes the phantom.
The phantom hits you but does no damage.
You hit the phantom.
Your weapon exudes an aura of protection.
The phantom is moderately damaged.
The wall freezes the phantom but does no damage.
The phantom hits you but does no damage.
You barely miss the phantom.
The phantom is moderately damaged.
The frozen ramparts melt away.
The phantom closely misses you.
You closely miss the phantom.
The phantom is moderately damaged.
The phantom completely misses you.
You hit the phantom.
Your weapon exudes an aura of protection.
The phantom is moderately damaged.
The phantom hits you but does no damage.
You hit the phantom.
The phantom is heavily damaged.
The phantom hits you but does no damage.
You hit the phantom.
The phantom is heavily damaged.
The phantom hits you but does no damage.
You hit the phantom.
The phantom is heavily damaged.
The phantom hits you.
* * * LOW HITPOINT WARNING * * *
The phantom blinks!
You blink.
Your icy armour cracks and falls away as you move.
You hit the phantom but do no damage.
The phantom is heavily damaged.
The phantom hits you.
* * * LOW HITPOINT WARNING * * *
The phantom blinks!
You blink.
You hit the phantom.
The phantom is heavily damaged.
The phantom misses you.
You barely miss the phantom.
The phantom is heavily damaged.
The phantom hits you.
You die...

###########.#####.### #.#
#.............# #.# #.#
#.#########.#.# #.# #.# #.#
#.....#.###.# ##)## #.#
#.####...##.####...## #.#
#.####...##.........## #.#
#.##..<....#####.....# #.#
#....W.............##†
#.########.@.....###.....###
#........................# #
######>#####...#####.....#
########.# ##### ##...## #
#........###### ###.#####
#.#########...## ##........
#.# ##.....## #..#####.# #.#
##.......#####..# #.#
#.######...............# #.#


You could see a phantom.

Vanquished Creatures
  A scorpion (D:4)
  2 bombardier beetles (D:4)
  A sleepcap (D:3)
  3 adders
  A dart slug (D:4)
  A ribbon worm (D:4)
  2 orcs
  4 bats
  5 endoplasms
  2 giant cockroaches
  8 goblins
  3 hobgoblins
  6 jackals
  7 kobolds
  2 quokkas
  8 ball pythons
  A frilled lizard (D:3)
  4 rats (D:1)
61 creatures vanquished.

Notes
Turn   | Place    | Note
-------+----------+-------------------------------------------
     0 | D:1      | jimonade the Human Ice Elementalist began the quest for the
                  | Orb.
     0 | D:1      | Reached XP level 1. HP: 13/13 MP: 3/3
   342 | D:1      | Reached XP level 2. HP: 19/19 MP: 1/5
   414 | D:1      | Found a faded altar of an unknown god.
  1234 | D:2      | Reached XP level 3. HP: 21/24 MP: 2/6
  1730 | D:2      | Noticed Robin
  1922 | D:1      | Learned a level 3 spell: Frozen Ramparts
  1926 | D:1      | Learned a level 3 spell: Ozocubu's Armour
  2174 | D:3      | Found a shimmering altar of Xom.
  2294 | D:3      | Reached XP level 4. HP: 24/30 MP: 5/8
  2408 | D:3      | Reached skill level 5 in Ice Magic
  3154 | D:4      | Reached XP level 5. HP: 35/35 MP: 6/9
  3154 | D:4      | Identified the +1 dagger "Newtslayer" {protect, rElec}
  3383 | D:4      | Reached skill level 6 in Ice Magic
  3484 | D:4      | Found a staircase to the Ecumenical Temple.
  3489 | Temple   | Entered the Ecumenical Temple
  3498 | Temple   | Became a worshipper of Vehumet
  3705 | D:4      | Reached XP level 6. HP: 37/41 MP: 5/11
  3839 | D:3      | HP: 2/41 [phantom (3)]
  3841 | D:3      | Slain by a phantom

Illustrated notes

Levels and vault maps discovered:
D:1:      minmay_arrival_wavy_path, layout_basic,
          chequers_ecumenical_altar_island
D:2:      layout_loops_corners, uniq_robin
D:3:      layout_loops_ring, amcnicky_altar_gilded
D:4:      layout_loops_ring, mainiacjoe_overflow_brackets,
          minmay_temple_entry_wispy
Temple:   hellmonk_temple_flake

Skill      XL: |  1  2  3  4  5 |
---------------+----------------+-----
Ice Magic      | 5 6 |  6.2
Spellcasting   | 3 |  3.7
Dodging        | |  2.0
Stealth        | |  2.0

Action                     |  1- 3 |  4- 6 || total
---------------------------+-------+-------++-------
  Melee: Unarmed           |     7 |       ||     7
         Dagger            |    16 |    34 ||    50
   Cast: Freeze            |    45 |    49 ||    94
         Frozen Ramparts   |       |     6 ||     6
         Ozocubu's Armour  |       |     1 ||     1
 Armour: Robe              |    37 |    51 ||    88
  Dodge: Dodged            |    27 |    48 ||    75
